 Dungeon Crawl Stone Soup version 0.24.0-37-gcf1ca852f1 (webtiles) character file.

Game seed: 11248383709510163370, levelgen mode: deterministic

205900 Iskender the Devastator (level 18, -16/107 HPs)
             Began as a Mummy Wizard on Nov 26, 2019.
             Was an Initiate of Gozag.
             Demolished by an alligator snapping turtle (31 damage)
             ... on level 3 of the Shoals on Dec 1, 2019.
             The game lasted 06:14:01 (48262 turns).

Iskender the Devastator (Mummy Wizard)             Turns: 48262, Time: 06:14:03

Health: -16/107    AC: 17    Str: 19    XL:     18   Next: 5%
Magic:  31/42      EV: 11    Int: 41    God:    Gozag
Gold:   3431       SH:  5    Dex:  9    Spells: 7/39 levels left

rFire    . . .     SeeInvis .   a - +2 mace "Goselayq" {speed, rC+ Int+5}
rCold    + + +     Gourm    .   s - +0 buckler
rNeg     + + +     Faith    .   C - +6 scale mail "Raud" {MR- Int+5}
rPois    ∞         Spirit   .   l - +2 hat
rElec    .         Reflect  .   O - scarf {rC+ rF+}
rCorr    .         Harm     .   L - +2 pair of gloves
MR       ++...                  (no boots)
Stlth    ..........             r - amulet of magic regeneration
HPRegen  0.27/turn              I - ring of the Priest {MR+ Str+8 Int+7 Dex-2 Stlth-}
MPRegen  0.53/turn              g - ring of magical power

@: no status effects
A: no food or potions, fire vulnerability, cold resistance 1, negative energy
resistance 3, torment resistance, unbreathing, in touch with death 1
}: 1/15 runes: gossamer
a: Potion Petition, Call Merchant, Bribe Branch, Renounce Religion


You were on level 3 of the Shoals.
You worshipped Gozag.
Gozag was most pleased with you.
You were not hungry.

You visited 6 branches of the dungeon, and saw 32 of its levels.

You collected 12540 gold pieces.
You spent 7631 gold pieces at shops.
You paid 1478 gold pieces to Gozag.

Inventory:

Hand Weapons
 a - the +2 mace "Goselayq" (weapon) {speed, rC+ Int+5}
   (You found it on level 6 of the Dungeon)

   Attacks with this weapon are significantly faster.
   It affects your intelligence (+5).
   It protects you from cold.
 b - a +6 trident of piercing
 j - the +5 whip of the Pillar {pain, MR+ Str-3 Int+2}
   (You bought it in a shop on level 2 of the Orcish Mines)

   In the hands of one skilled in necromantic magic, it inflicts extra damage on
   living creatures.
   It affects your strength (-3).
   It affects your intelligence (+2).
   It affects your resistance to hostile enchantments.
 A - the +3 war axe of the Heavens {venom, +Inv rElec}
   (You bought it in a shop on level 12 of the Dungeon)

   It poisons the flesh of those it strikes.
   It insulates you from electricity.
   It lets you turn invisible.
Armour
 l - a +2 hat (worn)
 s - a +0 buckler (worn)
 B - a +2 shield of protection
 C - the +6 scale mail "Raud" (worn) {MR- Int+5}
   (You bought it in a shop on level 10 of the Dungeon)

   It affects your intelligence (+5).
   It affects your resistance to hostile enchantments.
 L - a +2 pair of gloves (worn)
 O - a scarf of resistance (worn)
 R - a +2 robe of fire resistance
Magical Staves
 e - an uncursed staff of earth
Jewellery
 c - an uncursed ring of ice
 f - the ring of Ihulid {Fire *Slow MR++ Dex+4}
   (You took it off a boggart on level 9 of the Dungeon)

   [ring of fire]

   It enhances your fire magic.
   It affects your dexterity (+4).
   It protects you from fire.
   It makes you vulnerable to cold.
   It affects your resistance to hostile enchantments.
   It may slow you when you take damage.
 g - a ring of magical power (right hand)
 h - an uncursed ring of magical power
 o - an uncursed ring of resist corrosion
 r - an amulet of magic regeneration (around neck)
 w - an uncursed ring of wizardry
 D - an uncursed ring of protection from fire
 I - the ring of the Priest (left hand) {MR+ Str+8 Int+7 Dex-2 Stlth-}
   (You found it on level 6 of the Lair of Beasts)

   [ring of attention]

   It affects your strength (+8).
   It affects your intelligence (+7).
   It affects your dexterity (-2).
   It affects your resistance to hostile enchantments.
   It makes you less stealthy.
 P - an uncursed ring of protection from cold
Wands
 d - a wand of paralysis (7)
 n - a wand of polymorph (9)
 q - a wand of enslavement (6)
 x - a wand of flame (5)
 y - a wand of acid (12)
 J - a wand of digging (11)
Scrolls
 i - 7 scrolls of magic mapping
 k - 6 scrolls of teleportation
 m - a scroll of fear
 p - 4 scrolls of blinking
 t - 2 scrolls of enchant armour
 u - 2 scrolls of summoning
 v - 5 scrolls of remove curse
 z - 5 scrolls of immolation
 E - a scroll of silence
 F - 3 scrolls of vulnerability
 G - 8 scrolls of identify
 H - a scroll of amnesia
 Q - 3 scrolls of fog


   Skills:
 - Level 4.9 Dodging
 - Level 4.1 Stealth
 - Level 5.9 Shields
 + Level 11.3 Spellcasting
 - Level 19.4 Conjurations
 - Level 0.7 Summonings
 - Level 0.7 Translocations
 - Level 13.6 Ice Magic
 - Level 10.7 Earth Magic


You had 7 spell levels left.
You knew the following spells:

 Your Spells              Type           Power        Failure   Level  Hunger
a - Magic Dart            Conj           ####         0%          1    N/A
b - Call Imp              Summ           ####....     5%          2    N/A
d - Conjure Flame         Conj/Fire      #######.     1%          3    N/A
e - Freezing Cloud        Conj/Ice/Air   #######...   8%          6    N/A
g - Throw Flame           Conj/Fire      ######       1%          2    N/A
v - Blink                 Tloc           N/A          5%          2    N/A
w - Iron Shot             Conj/Erth      #######...   1%          6    N/A
A - Apportation           Tloc           ####..       3%          1    N/A
B - Bolt of Cold          Conj/Ice       ########..   1%          6    N/A
X - Shroud of Golubria    Chrm/Tloc      ####..       6%          2    N/A
Z - Summon Butterflies    Summ           ####....     3%          1    N/A

Your spell library contained the following spells:

 Spells                   Type           Power        Failure   Level  Hunger
 Throw Frost              Conj/Ice       ######       0%          2    N/A
 Iskenderun's Mystic Bla  Conj           ########     0%          4    N/A
 Freeze                   Ice            ####         1%          1    N/A
 Sting                    Conj/Pois      ####         1%          1    N/A
 Mephitic Cloud           Conj/Pois/Air  ######..     1%          3    N/A
 Ozocubu's Armour         Chrm/Ice       ######..     1%          3    N/A
 Throw Icicle             Conj/Ice       ########     1%          4    N/A
 Bolt of Magma            Conj/Fire/Erth #######...   1%          5    N/A
 Summon Ice Beast         Ice/Summ       ######..     2%          4    N/A
 Fireball                 Conj/Fire      #######...   2%          5    N/A
 Irradiate                Conj/Tmut      #######...   2%          5    N/A
 Ozocubu's Refrigeration  Ice            #######...   2%          6    N/A
 Summon Small Mammal      Summ           ####         3%          1    N/A
 Animate Skeleton         Necr           N/A          4%          1    N/A
 Confusing Touch          Hex            ###...       4%          1    N/A
 Infusion                 Chrm           ###.         4%          1    N/A
 Pain                     Necr           ####         4%          1    N/A
 Leda's Liquefaction      Hex/Erth       ######....   4%          4    N/A
 Petrify                  Tmut/Erth      ######..     4%          4    N/A
 Poisonous Vapours        Pois/Air       ###...       7%          2    N/A
 Slow                     Hex            ###.....     7%          2    N/A
 Song of Slaying          Chrm           ###.....     7%          2    N/A
 Metabolic Englaciation   Hex/Ice        ######....   8%          5    N/A
 Call Canine Familiar     Summ           ####....     11%         3    N/A
 Gell's Gravitas          Tloc           ####......   11%         3    N/A
 Lesser Beckoning         Tloc           ####......   11%         3    N/A
 Portal Projectile        Hex/Tloc       ####..       12%         3    N/A
 Summon Guardian Golem    Hex/Summ       ####....     12%         3    N/A
 Bolt of Fire             Conj/Fire      #######...   13%         6    N/A
 Poison Arrow             Conj/Pois      #######...   13%         6    N/A
 Confuse                  Hex            ###.....     14%         3    N/A
 Ignite Poison            Fire/Tmut/Pois ###.....     14%         3    N/A
 Spectral Weapon          Hex/Chrm       ###.....     14%         3    N/A
 Tukima's Dance           Hex            ###.....     14%         3    N/A
 Vampiric Draining        Necr           ####......   14%         3    N/A
 Summon Lightning Spire   Summ/Air       ####....     36%         4    N/A
 Simulacrum               Ice/Necr       #######...   41%         6    N/A
 Animate Dead             Necr           N/A          43%         4    N/A
 Cause Fear               Hex            ###.......   43%         4    N/A
 Agony                    Necr           ####....     78%         5    N/A
 Alistair's Intoxication  Tmut/Pois      ###.....     78%         5    N/A
 Dispel Undead            Necr           ####....     78%         5    N/A
 Excruciating Wounds      Chrm/Necr      ####......   78%         5    N/A
 Silence                  Hex/Air        ###.......   78%         5    N/A
 Yara's Violent Unravell  Hex/Tmut       ###.......   78%         5    N/A
 Deflect Missiles         Chrm/Air       ###.......   100%        6    N/A
 Invisibility             Hex            ###.....     100%        6    N/A
 Ring of Flames           Chrm/Fire      ###.......   100%        7    N/A
 Lehudib's Crystal Spear  Conj/Erth      #######...   52%         8    N/A
 Chain Lightning          Conj/Air       #######...   99%         8    N/A
 Glaciate                 Conj/Ice       ########..   99%         9    N/A
 Discord                  Hex            ###.......   100%        8    N/A
 Ignition                 Fire           ###.......   100%        8    N/A
 Fire Storm               Conj/Fire      #######...   100%        9    N/A
 Shatter                  Erth           #######...   100%        9    N/A
 Ice Form                 Ice/Tmut       Unusable     N/A         4    N/A
 Regeneration             Chrm/Necr      Unusable     N/A         3    N/A
 Statue Form              Tmut/Erth      Unusable     N/A         6    N/A

Dungeon Overview and Level Annotations

Branches:
Dungeon (15/15)            Temple (1/1) D:4            Lair (6/6) D:8
 Shoals (4/4) Lair:4       Spider (4/4) Lair:2        Slime (0/5) Lair:5
    Orc (2/2) D:11            Elf (0/3) Orc:2        Vaults (0/5) D:14
 Depths (0/5) D:15

Altars:
Ashenzari
Cheibriados
Dithmenos
Elyvilon
Fedhas
Gozag
Hepliaklqana
Kikubaaqudgha
Makhleb
Nemelex Xobeh
Okawaru
Qazlal
Ru
Sif Muna
Trog
Uskayaw
Vehumet
Wu Jian
Xom
Yredelemnul
Zin
The Shining One
Beogh

Shops:
D:5 (   D:7 ?   D:10 :[   D:12 (   D:15 !   Orc:2 (*[=(   Shoals:3 !

Annotations:
Lair:5 relec
Lair:6 3 runed translucent doors, Fafes's ghost, journeyman DrFE; demivan's ghost, journeyman MiFi; teukkam's ghost, journeyman MiFi
Shoals:1 2 transporters
Shoals:3 Bai Suzhen; Polyphemus
Orc:1 3 runed translucent doors, Kisosi's ghost, journeyman DDFi; Paschim's ghost, journeyman MiBe; Vamiroy's ghost, journeyman TrFi


Innate Abilities, Weirdness & Mutations

You do not eat or drink.
Your flesh is vulnerable to fire.
You are immune to poison.
Your flesh is cold resistant. (rC+)
You are immune to negative energy. (rN+++)
You are immune to unholy pain and torment.
You can survive without breathing.
You are in touch with the powers of death.


Message History

The iron shot misses the merfolk impaler.
The merfolk hits you from afar with a +0 trident!
A merfolk comes into view. It is wielding a +0 spear.
The alligator snapping turtle bites you from afar!
The merfolk impaler hits you from afar with a +2 trident of piercing!
Casting: Iron Shot (safe; 1% risk of failure)
Confirm with . or Enter, or press ? or * to list all spells.
Aiming: Bolt of Cold (safe; 1% risk of failure)
Press: ? - help, Shift-Dir - straight line, f/p - merfolk impaler
Aim: a merfolk impaler, wielding a +2 trident of piercing and wearing a +0 leather armour (severely wounded)
Okay, then.
The merfolk shouts!
Something shouts, "Attack, my pets!
Attack!"
The merfolk hits you from afar with a +0 trident!
* * * LOW HITPOINT WARNING * * *
The merfolk impaler hits you from afar with a +2 trident of piercing!
* * * LOW HITPOINT WARNING * * *
x2 The alligator snapping turtle bites you from afar!!
You die...
Your body crumbles into a pile of gold.

≈≈≈≈≈≈≈≈≈≈≈≈≈≈≈
≈≈≈≈≈≈≈≈≈≈≈≈≈≈≈
≈≈≈≈≈≈≈≈≈....≈.
≈≈≈≈≈≈≈......≈.
≈≈≈≈≈≈.......
≈≈≈≈≈.t.)..
≈≈≈≈≈....#
≈≈≈≈≈≈≈@#
≈≈≈≈≈≈≈..m.....
≈≈≈≈≈≈≈m.......
≈≈≈≈≈≈.m.....≈≈
≈≈≈≈≈≈......≈≈≈
≈≈≈≈≈≈≈m.....≈≈
≈≈≈≈≈≈≈≈....≈≈≈
≈≈≈≈≈≈≈≈≈≈≈..≈≈


You could see an alligator snapping turtle, a merfolk impaler and 3 merfolk.

Vanquished Creatures
  Jorgrun (Orc:2)
  Rupert (D:14)
  A titan (Shoals:2)
  Frances (D:13)
  Kirke (Spider:4)
  An orc warlord (Orc:1)
  7 emperor scorpions
  4 entropy weavers
  6 dire elephants (Lair:6)
  An ettin (Orc:2)
  3 merfolk impalers
  A fire dragon (D:9)
  A rakshasa (D:11)
  7 hydras
  2 ice dragons (D:15)
  2 catoblepae
  A merfolk avatar (Shoals:3)
  An anaconda (Lair:6)
  3 centaur warriors (D:14)
  A death knight (D:12)
  A queen ant (Lair:3)
  2 tengu warriors
  4 death yaks
  7 two-headed ogres
  4 orc high priests
  A satyr (Shoals:2)
  5 spriggan berserkers (D:15)
  Urug (D:14)
  2 sea snakes
  2 unseen horrors
  A necromancer (Lair:6)
  A flayed ghost (D:9)
  A deep elf archer (D:9)
  A phantasmal warrior (D:13)
  11 harpies
  3 orc knights
  21 orb spiders
  4 orc sorcerers (Orc:2)
  26 ugly things
  3 deep elf magi
  5 oklob plants
  3 slime creatures
  10 cyclopes
  6 manticores
  35 wolf spiders
  2 moths of wrath
  A black mamba (Lair:4)
  8 fauns
  A centaur zombie (D:15)
  Maurice (D:13)
  2 water nymphs
  10 merfolk sirens
  A gargoyle (D:11)
  9 elephants
  An eye of devastation (Lair:5)
  16 spiny frogs
  2 torpor snails
  A kobold demonologist (D:14)
  2 freezing wraiths
  4 rime drakes
  A yaktaur (shapeshifter) (D:9)
  7 demonic crawlers
  13 komodo dragons
  2 trolls (shapeshifter) (D:15)
  3 trolls
  17 merfolk
  4 hornets
  3 meliai (D:13)
  A polar bear (Lair:5)
  33 jumping spiders
  A merfolk (shapeshifter) (D:15)
  16 dream sheep
  9 hippogriffs
  7 blink frogs
  2 wind drakes (Shoals:3)
  6 snapping turtles
  84 redbacks
  A centaur simulacrum (D:12)
  2 water elementals (Shoals:1)
  A shadow (D:12)
  34 tarantellas
  A wraith (D:13)
  2 hogs (Spider:4)
  9 wyverns
  8 basilisks
  16 humans (D:14)
  22 yaks
  Grum (D:9)
  A steam dragon (D:11)
  3 hungry ghosts
  3 acid dragons
  2 wargs
  A hell hound (Lair:6)
  A soldier ant (shapeshifter) (D:14)
  10 water moccasins
  6 soldier ants
  4 swamp worms (Lair:4)
  A floating eye (shapeshifter) (D:9)
  8 porcupines
  34 orc warriors
  6 ice beasts
  3 sky beasts
  5 phantoms
  3 black bears
  An eye of draining (Lair:5)
  A boggart (D:9)
  9 centaurs
  31 wolves
  12 ogres
  17 crocodiles
  9 big kobolds
  20 bullfrogs
  2 gnoll sergeants (D:11)
  A hornet simulacrum (D:14)
  A water moccasin zombie (D:7)
  3 scorpions
  5 jellies
  3 killer bees (D:8)
  12 wights
  5 howler monkeys
  An electric eel (Lair:5)
  10 crimson imps
  2 lava snakes (Lair:4)
  2 quasits
  2 bullfrog zombies
  15 hounds
  31 orc priests
  A bullfrog skeleton (D:11)
  Crazy Yiuf (D:6)
  31 orc wizards
  A gnoll shaman (D:10)
  2 iguanas
  17 worker ants
  6 polar bear simulacra (Lair:6)
  3 yak simulacra (Lair:6)
  A killer bee zombie (D:8)
  2 hound skeletons
  A worker ant zombie (D:9)
  A howler monkey zombie (D:7)
  11 adders
  11 gnolls
  4 shadow imps
  An ooze (D:4)
  An adder skeleton (D:4)
  A worm (D:3)
  2 dart slugs
  9 leopard geckos
  104 orcs
  6 bats
  6 giant cockroaches
  A goblin (D:1)
  7 hobgoblins
  8 jackals
  32 kobolds
  7 quokkas
  7 frilled lizards
  A leopard gecko zombie (D:6)
  2 rats
  2 river rat simulacra (Lair:6)
  4 plants
1153 creatures vanquished.

Vanquished Creatures (collateral kills)
  A wolf spider (Spider:4)
  2 dream sheep (Shoals:4)
  A tarantella (Spider:3)
  A warg (D:8)
  A soldier ant (Lair:3)
  A hound (D:2)
  2 orc priests (D:6)
  An iguana (D:4)
  3 worker ants (Lair:3)
  7 adders
  A shadow imp (D:10)
  2 worms (D:2)
  A dart slug (D:2)
  3 orcs (D:6)
  A ball python (D:2)
  A goblin (D:2)
  3 jackals (D:1)
  A kobold (D:2)
33 creatures vanquished.

Vanquished Creatures (others)
  A wolf spider (Spider:4)
  A jumping spider (Spider:3)
  2 redbacks
  3 humans (Spider:4)
  A sky beast (D:11)
  A killer bee (D:8)
  6 fungi
  27 plants
  3 withered plants (Lair:6)
45 creatures vanquished.

Grand Total: 1231 creatures vanquished

Notes
Turn   | Place    | Note
-------+----------+-------------------------------------------
     0 | D:1      | Iskender the Mummy Wizard began the quest for the Orb.
     0 | D:1      | Reached XP level 1. HP: 13/13 MP: 5/5
    67 | D:1      | Reached skill level 1 in Conjurations
   631 | D:1      | Reached XP level 2. HP: 19/19 MP: 7/7
   635 | D:1      | Learned a level 2 spell: Blink
   644 | D:1      | Learned a level 2 spell: Call Imp
   871 | D:1      | Reached skill level 2 in Conjurations
  1313 | D:2      | Reached XP level 3. HP: 20/24 MP: 8/8
  1584 | D:2      | Learned a level 3 spell: Conjure Flame
  1599 | D:2      | Reached skill level 3 in Conjurations
  1748 | D:2      | Reached XP level 4. HP: 30/30 MP: 10/10
  1931 | D:2      | Found a burning altar of Makhleb.
  2179 | D:3      | Learned a level 3 spell: Mephitic Cloud
  2663 | D:3      | Reached skill level 4 in Conjurations
  2664 | D:3      | Found a sparkling altar of Nemelex Xobeh.
  2747 | D:3      | Reached XP level 5. HP: 30/35 MP: 11/11
  3137 | D:4      | Found a staircase to the Ecumenical Temple.
  3146 | Temple   | Entered the Ecumenical Temple
  3217 | Temple   | Became a worshipper of Gozag Ym Sagoz the Greedy
  3433 | D:4      | Found a bloodstained altar of Trog.
  3661 | D:4      | Reached skill level 5 in Conjurations
  3785 | D:4      | Found a faded altar of an unknown god.
  3785 | D:4      | Found a radiant altar of Vehumet.
  3790 | D:4      | Found a basalt altar of Yredelemnul.
  3790 | D:4      | Noticed a phantom
  3799 | D:4      | Found a faded altar of an unknown god.
  3800 | D:4      | Found a snail-covered altar of Cheibriados.
  3842 | D:4      | Killed a phantom
  3842 | D:4      | Reached XP level 6. HP: 16/41 MP: 12/12
  4032 | D:5      | Entered Level 5 of the Dungeon
  4394 | D:5      | Reached skill level 6 in Conjurations
  4618 | D:5      | Found Tideh's Antique Weapon Emporium.
  4683 | D:5      | Found a blossoming altar of Fedhas.
  4785 | D:5      | Reached XP level 7. HP: 46/46 MP: 13/13
  5290 | D:6      | Got a jewelled scale mail
  5319 | D:5      | Identified the +4 scale mail "Bip Touh" {*Slow Int+5} (You
                  | found it on level 6 of the Dungeon)
  5345 | D:6      | Found an iron altar of Okawaru.
  5396 | D:6      | Got a fine mace
  5397 | D:6      | Identified the cursed +2 mace "Goselayq" {speed, rC+ Int+5}
                  | (You found it on level 6 of the Dungeon)
  5717 | D:6      | Reached XP level 8. HP: 52/52 MP: 14/14
  5806 | D:6      | Reached skill level 7 in Conjurations
  6150 | D:6      | Found a runed translucent door.
  6151 | D:6      | Noticed Crazy Yiuf
  6167 | D:6      | Killed Crazy Yiuf
  6749 | D:7      | Reached skill level 8 in Conjurations
  7008 | D:7      | Reached skill level 9 in Conjurations
  7291 | D:7      | Found Tyto Awkoe's Magic Scroll Shoppe.
  7892 | D:7      | Reached skill level 5 in Spellcasting
  7892 | D:7      | Reached XP level 9. HP: 57/57 MP: 16/16
  8190 | D:8      | Learned a level 1 spell: Animate Skeleton
  9151 | D:8      | Found a staircase to the Lair.
  9641 | D:9      | Reached skill level 10 in Spellcasting
  9993 | D:9      | Reached XP level 10. HP: 51/63 MP: 23/24
 10356 | D:9      | Noticed Grum
 10377 | D:9      | Killed Grum
 10626 | D:9      | Found a glowing silver altar of Zin.
 10744 | D:9      | Found a runed translucent door.
 10744 | D:9      | Noticed a deep elf archer
 10744 | D:9      | Noticed a catoblepas
 10746 | D:9      | Noticed a flayed ghost
 10746 | D:9      | Noticed a fire dragon
 10746 | D:9      | Identified the ring of Ihulid {Fire *Slow MR++ Dex+4}
 10817 | D:10     | Entered Level 10 of the Dungeon
 11091 | D:10     | Reached skill level 10 in Conjurations
 11783 | D:10     | Found Apsegien's Armour Boutique.
 11849 | D:10     | Noticed a two-headed ogre
 11873 | D:10     | Killed a two-headed ogre
 12050 | D:10     | Bought the Grimoire of Destructive Venom for 851 gold
                  | pieces
 12055 | D:10     | Learned a level 4 spell: Iskenderun's Mystic Blast
 12058 | D:10     | Learned a level 2 spell: Throw Flame
 12125 | Lair:1   | Entered Level 1 of the Lair of Beasts
 12127 | Lair:1   | Found a basalt altar of Yredelemnul.
 12363 | Lair:1   | Reached skill level 11 in Conjurations
 12497 | Lair:1   | Reached XP level 11. HP: 67/68 MP: 2/25
 13876 | Lair:2   | Found a hole to the Spider Nest.
 14013 | Lair:2   | Reached skill level 12 in Conjurations
 14264 | Lair:2   | Noticed a seven-headed hydra
 14272 | Lair:2   | Killed a seven-headed hydra
 14538 | Lair:2   | Learned a level 6 spell: Bolt of Cold
 14549 | Lair:2   | Reached skill level 1 in Ice Magic
 15513 | Lair:3   | Noticed a death yak
 15513 | Lair:3   | Noticed a death yak
 15539 | Lair:3   | Killed a death yak
 15551 | Lair:3   | Noticed a death yak
 15555 | Lair:3   | Noticed a queen ant
 15752 | Lair:3   | Killed a queen ant
 15752 | Lair:3   | Reached skill level 5 in Ice Magic
 15756 | Lair:3   | Reached XP level 12. HP: 34/74 MP: 15/26
 16616 | Lair:3   | Killed a death yak
 16621 | Lair:3   | Killed a death yak
 18308 | Lair:4   | Found a staircase to the Shoals.
 18751 | Lair:5   | Reached skill level 13 in Conjurations
 19104 | Lair:5   | Found a staircase to the Slime Pits.
 19462 | Lair:5   | Noticed a seven-headed hydra
 19520 | Lair:5   | Killed a seven-headed hydra
 19802 | Lair:5   | Gained mutation: You are in touch with the powers of death.
                  | [Mummy growth]
 19802 | Lair:5   | Reached XP level 13. HP: 57/79 MP: 25/27
 20159 | Lair:5   | You fall into a shaft and drop 1 floor!
 20159 | Lair:6   | Entered Level 6 of the Lair of Beasts
 20954 | Lair:5   | Reached skill level 10 in Ice Magic
 20978 | Lair:5   | Identified the Grimoire of Freezing Black Secrets
 21557 | Lair:6   | Reached skill level 14 in Conjurations
 22052 | Lair:6   | Found a runed translucent gate.
 22052 | Lair:6   | Found a runed translucent gate.
 22053 | Lair:6   | Found a runed translucent gate.
 22059 | Lair:6   | Noticed teukkam's ghost (journeyman MiFi)
 22059 | Lair:6   | Noticed Fafes's ghost (journeyman DrFE)
 22060 | Lair:6   | Noticed demivan's ghost (journeyman MiFi)
 22061 | Lair:6   | Found the +2 ratskin cloak {+Rats rPois rN+ Str-1 Int-1
                  | Dex+1}
 23510 | Lair:6   | Noticed a dire elephant
 23518 | Lair:6   | Killed a dire elephant
 23518 | Lair:6   | Reached XP level 14. HP: 46/85 MP: 2/28
 24404 | Lair:6   | Got a glittering glass ring
 24405 | Lair:6   | Identified the ring of the Priest {MR+ Str+8 Int+7 Dex-2
                  | Stlth-} (You found it on level 6 of the Lair of Beasts)
 25058 | D:11     | Reached skill level 15 in Conjurations
 26364 | D:11     | Found a staircase to the Orcish Mines.
 26704 | D:11     | Found a shadowy altar of Dithmenos.
 26878 | Orc:1    | Entered Level 1 of the Orcish Mines
 26978 | Orc:1    | Reached skill level 1 in Shields
 27457 | Orc:1    | Found a runed translucent gate.
 27457 | Orc:1    | Found a runed translucent gate.
 27457 | Orc:1    | Found a runed translucent gate.
 27461 | Orc:1    | Noticed Vamiroy's ghost (journeyman TrFi)
 27461 | Orc:1    | Noticed Kisosi's ghost (journeyman DDFi)
 27461 | Orc:1    | Noticed Paschim's ghost (journeyman MiBe)
 27651 | Orc:1    | Found a roughly hewn altar of Beogh.
 27960 | Orc:2    | Entered Level 2 of the Orcish Mines
 28355 | Orc:2    | Found a staircase to the Elven Halls.
 28796 | Orc:2    | Found Hiaj's Antique Weapon Emporium.
 28830 | Orc:2    | Bought a bloodstained trident for 195 gold pieces
 28831 | Orc:2    | Identified the +7 trident "Beiwk" {holy, rPois} (You bought
                  | it in a shop on level 2 of the Orcish Mines)
 29367 | Orc:2    | Bought an iridescent whip for 172 gold pieces
 29368 | Orc:2    | Identified the +5 whip of the Pillar {pain, MR+ Str-3
                  | Int+2} (You bought it in a shop on level 2 of the Orcish
                  | Mines)
 29370 | Orc:2    | Bought a jewelled war axe for 195 gold pieces
 29371 | Orc:2    | Identified the cursed +3 war axe of Conformity {drain,
                  | *Drain Int+5} (You bought it in a shop on level 2 of the
                  | Orcish Mines)
 29864 | Orc:2    | Noticed an orc warlord
 29939 | Orc:1    | Killed an orc warlord
 30296 | Orc:2    | Noticed Jorgrun
 30439 | Orc:2    | Killed Jorgrun
 30598 | Orc:2    | Found Seexuk's Antique Armour Emporium.
 30604 | Orc:2    | Found Dyatail's General Store.
 30604 | Orc:2    | Found Lamap's Antique Weapon Shoppe.
 30604 | Orc:2    | Found Moloinul's Jewellery Emporium.
 30684 | Orc:2    | Bought a transparent flail for 229 gold pieces
 30685 | Orc:2    | Bought a distressingly furry leather armour for 133 gold
                  | pieces
 30685 | Orc:2    | Bought a glowing scarf for 152 gold pieces
 30701 | Orc:2    | Identified the +2 flail of No Interval {holy, Int+2} (You
                  | bought it in a shop on level 2 of the Orcish Mines)
 30714 | Orc:2    | Identified the +2 leather armour "Wuczaamigy" {rF+} (You
                  | bought it in a shop on level 2 of the Orcish Mines)
 30719 | Orc:2    | Bought a scroll of identify for 34 gold pieces
 30720 | Orc:2    | Bought a +2 amulet of reflection for 135 gold pieces
 30721 | Orc:2    | Bought an uncursed ring of ice for 450 gold pieces
 30963 | D:9      | Reached XP level 15. HP: 68/90 MP: 16/29
 31239 | D:9      | Identified the Disquisition on Unholy Enchantment
 31246 | D:9      | Got a bloodstained helmet
 31267 | D:9      | Identified the cursed +0 helmet of the Ancient Queens
                  | {*Slow rCorr Dex+5} (You found it on level 9 of the
                  | Dungeon)
 31497 | D:5      | Bought an ichor-stained war axe for 289 gold pieces
 31498 | D:5      | Identified the +7 war axe of Iseumilu {chop, *Drain rPois
                  | rC+++ SInv} (You bought it in a shop on level 5 of the
                  | Dungeon)
 31507 | D:5      | Bought a shimmering lajatang for 680 gold pieces
 31507 | D:5      | Identified the cursed +3 lajatang of Context {antimagic,
                  | +Blink rElec rPois Str-3} (You bought it in a shop on level
                  | 5 of the Dungeon)
 31649 | D:10     | Bought a +2 pair of gloves for 231 gold pieces
 33073 | D:13     | Noticed Frances
 33416 | D:13     | Noticed Maurice
 33769 | D:13     | Killed Maurice
 34111 | D:12     | Bought the +3 war axe of the Heavens {venom, +Inv rElec}
                  | for 522 gold pieces
 34165 | D:13     | Killed Frances
 34760 | D:14     | Found a gate to the Vaults.
 34760 | D:14     | Noticed Urug
 34760 | D:14     | Noticed Rupert
 34912 | D:14     | Reached skill level 1 in Earth Magic
 35081 | D:14     | Killed Urug
 35095 | D:14     | Reached skill level 5 in Earth Magic
 35216 | D:14     | Learned a level 1 spell: Summon Butterflies
 35245 | D:14     | Learned a level 1 spell: Apportation
 36357 | D:14     | Killed Rupert
 36498 | D:15     | Entered Level 15 of the Dungeon
 36583 | D:15     | Found Ocuoc's Distillery.
 37685 | D:15     | Reached skill level 10 in Earth Magic
 37989 | D:15     | Reached XP level 16. HP: 96/96 MP: 21/30
 38185 | D:7      | Bought a scroll of amnesia for 52 gold pieces
 38185 | D:7      | Bought a scroll of summoning for 142 gold pieces
 38185 | D:7      | Bought a scroll of fear for 52 gold pieces
 38254 | D:10     | Bought a book of Annihilations for 1545 gold pieces
 39057 | D:15     | Found the +8 Wrath of Trog {antimagic, *Rage}
 39114 | D:15     | Reached skill level 16 in Conjurations
 39306 | D:15     | Found a staircase to the Depths.
 39362 | D:15     | Learned a level 2 spell: Shroud of Golubria
 39627 | D:10     | Bought a book of the Earth for 910 gold pieces
 39634 | D:10     | Learned a level 6 spell: Iron Shot
 39693 | D:10     | Bought the +6 scale mail "Raud" {MR- Int+5} for 662 gold
                  | pieces
 39852 | Spider:1 | Entered Level 1 of the Spider Nest
 40562 | Spider:1 | Got a twisted shortbow
 41088 | Spider:1 | Identified the +7 shortbow of Itoocoj {velocity, rC+} (You
                  | found it on level 1 of the Spider Nest)
 41459 | Spider:2 | Reached skill level 17 in Conjurations
 42778 | Spider:3 | Reached skill level 5 in Shields
 43088 | Spider:4 | Entered Level 4 of the Spider Nest
 43265 | Spider:4 | Reached XP level 17. HP: 85/101 MP: 12/31
 43849 | Spider:4 | Noticed Kirke
 43915 | Spider:4 | Killed Kirke
 43915 | Spider:4 | Reached skill level 18 in Conjurations
 45260 | Spider:4 | Got a gossamer rune of Zot
 45476 | Shoals:1 | Entered Level 1 of the Shoals
 46176 | Shoals:1 | Reached skill level 19 in Conjurations
 46267 | Shoals:1 | Found a transporter.
 46370 | Shoals:1 | Found a transporter.
 46588 | Shoals:2 | Noticed a titan
 46602 | Shoals:2 | Killed a titan
 47474 | Shoals:3 | Noticed Bai Suzhen
 47630 | Shoals:3 | Found Mubasel's Distillery.
 47744 | Shoals:3 | Noticed Polyphemus
 47799 | Shoals:3 | Reached XP level 18. HP: 105/107 MP: 12/32
 47902 | Shoals:4 | Entered Level 4 of the Shoals
 48239 | Shoals:4 | Learned a level 6 spell: Freezing Cloud
 48262 | Shoals:3 | Demolished by an alligator snapping turtle

Levels and vault maps discovered:
D:1:      sevenhm_arrival_forest_fort_large_2, layout_loops_corners
D:2:      layout_rooms, makhleb_blood_cavern_becter
D:3:      layout_basic, lemuel_crystal_altar
D:4:      layout_cave_pools, kennysheep_mini,
          chequers_temple_overflow_minitemple,
          minmay_temple_entry_drinking_statues, first_ration, serial_bayou,
          serial_bayou_crossing, serial_bayou_pond_b, serial_bayou_pond_d,
          serial_bayou_lake_a
D:5:      layout_basic, fedhas_ov_isle_minmay, serial_shops, shop,
          grunt_decor_mini_mirrors
D:6:      minmay_angry_zag, layout_loops_ring, okawaru_ov_weapons_minmay,
          uniq_crazy_yiuf_cottage
D:7:      layout_basic, serial_shops, nicolae_shop_waterfront
D:8:      layout_gridville, erik_lair_orcish_takeover
D:9:      minmay_gate_of_8, layout_basic, basic_altar, uniq_grum
D:10:     minmay_general_purpose_star, layout_basic, serial_shops,
          nicolae_shop_behind_doors
D:11:     layout_loops_ring, kennysheep_orc_monster_closet_entryway,
          hangedman_pestilent_swarm, kennysheep_flooded_box,
          minmay_shattered_shrine
D:12:     layout_grid_maze, nicolae_benzene_ring
D:13:     layout_cave_pools, st_stairs_4, uniq_frances, uniq_maurice
D:14:     layout_roguey, david_vaults_3, serial_glass, glass_columns_c,
          glass_columns_b, item_on_display_a, feat_on_display
D:15:     grunt_enter_depths_hoard, layout_basic, serial_shops,
          nicolae_shop_trees, chequers_serial_rivers_room_b,
          minmay_misc_feat_more_columns, minmay_guarded_unrand_wrath_of_trog
Temple:   regret_index_temple_waves
Lair:1:   layout_cave_pods, basic_altar, serial_bayou_shore_a,
          grunt_megastairs_3
Lair:2:   layout_loops_ring, spider_nest_entry_webs, grunt_megastairs_4
Lair:3:   layout_gridlike, eino_small_chamber_without_monster,
          minmay_another_anthill, grunt_megastairs_1
Lair:4:   layout_gridlike, minmay_shoals_entry_lonely_mermaid, worms_lemuel
Lair:5:   layout_roguey, minmay_slime_entry_eyes, nicolae_lair_yak_garden,
          infiniplex_staircase_pool, minmay_lair_oklob_chamber,
          grunt_megastairs_5, serial_bayou_shore_b
Lair:6:   due_jungle_book, layout_cave_shapes, special_room
          [special_room_mythical_zoo], gammafunk_ghost_cemetery,
          eino_house_with_fridge, infiniplex_staircase_pool_2, lemuel_fruit_tree
Shoals:1: gammafunk_the_bubble [the_bubble_gammafunk_crates], layout_shoals
Shoals:2: cheibrodos_shoals_gigantism, layout_shoals,
          nicolae_shoals_dead_sea_scrolls
Shoals:3: layout_shoals, serial_shops, shop, uniq_bai_suzhen, uniq_polyphemus
Shoals:4: shoals_end_grunt_ice, layout_shoals, uniq_roxanne, uniq_donald,
          uniq_nikola
Spider:1: layout_spider_delve
Spider:2: layout_spider_delve
Spider:3: layout_spider_delve
Spider:4: grunt_spider_rune_circles, uniq_kirke
Orc:1:    layout_caves, gammafunk_ghost_cemetery, nicolae_orc_rockfall,
          bh_open_orc_temple
Orc:2:    st_orc_congregation, layout_caves, serial_shops,
          nicolae_shop_overgrown_old_shop, uniq_jorgrun

Skill      XL: |  1  2  3  4  5  6  7  8  9 10 11 12 13 14 15 16 17 18 |
---------------+-------------------------------------------------------+-----
Conjurations   | 1 2 3 4 5 6 9 11 12 13 14 15 17 19 | 19.4
Stealth        | 2 4 |  4.1
Spellcasting   | 5 10 11 | 11.3
Dodging        | 3 4 |  4.9
Ice Magic      | 5 9 10 12 13 | 13.6
Shields        | 4 5 |  5.9
Earth Magic    | 10 | 10.7
Summonings     | |  0.7
Translocations | |  0.7

Action                   |  1- 3 |  4- 6 |  7- 9 | 10-12 | 13-15 | 16-18 || total
-------------------------+-------+-------+-------+-------+-------+-------++-------
Melee: Unarmed           |     6 |       |       |       |       |       ||     6
       Spear             |     9 |    17 |     7 |       |       |       ||    33
       Short sword       |       |    13 |       |       |       |       ||    13
       Mace              |       |       |    63 |    77 |   102 |    21 ||   263
       Halberd           |       |       |    53 |    29 |       |       ||    82
       Trident           |       |       |       |   175 |   368 |    55 ||   598
       War axe           |       |       |       |       |     2 |       ||     2
 Fire: Arbalest          |       |       |       |     3 |       |       ||     3
Throw: Boomerang         |       |       |       |     1 |     5 |       ||     6
 Cast: Magic Dart        |    83 |   150 |   354 |   125 |       |       ||   712
       Call Imp          |    11 |     7 |     4 |     9 |     1 |       ||    32
       Blink             |       |     2 |     1 |     3 |    14 |     1 ||    21
       Conjure Flame     |       |     4 |    30 |    85 |    51 |    16 ||   186
       Mephitic Cloud    |       |     1 |    13 |    17 |     3 |       ||    34
       Throw Flame       |       |       |       |   230 |   301 |   154 ||   685
       Iskenderun's Myst |       |       |       |    87 |    78 |    18 ||   183
       Bolt of Cold      |       |       |       |    15 |   368 |   182 ||   565
       Iron Shot         |       |       |       |       |       |   219 ||   219
       Apportation       |       |       |       |       |       |    14 ||    14
       Shroud of Golubri |       |       |       |       |       |     1 ||     1
Invok: Call Merchant     |       |       |       |     1 |     1 |       ||     2
       Potion Petition   |       |       |       |       |     1 |       ||     1
 Abil: Evoke Invisibilit |       |       |       |       |     1 |       ||     1
Evoke: Wand              |       |       |     7 |     7 |    64 |    63 ||   141
  Use: Scroll            |       |     6 |     5 |    17 |    19 |    12 ||    59
 Stab: Sleeping          |       |     1 |       |       |       |       ||     1
       Confused          |       |     1 |     8 |     4 |       |       ||    13
       Distracted        |       |       |       |     1 |     1 |       ||     2
Armor: Robe              |     6 |    12 |     3 |     4 |    86 |     5 ||   116
       Scale mail        |       |       |    43 |   105 |    79 |   166 ||   393
       Leather armour    |       |       |       |       |     1 |       ||     1
Dodge: Dodged            |    29 |    37 |    73 |   146 |   250 |   143 ||   678
       Deflected         |       |       |       |       |    14 |       ||    14
Block: Buckler           |       |       |       |       |    51 |    69 ||   120
       Reflection        |       |       |       |       |     1 |       ||     1
